 Dungeon Sprint DCSS version 0.29-a0-119-g4040846114 (webtiles) character file.

Game seed: 9073229252849671553

3127 mhtbhm the Scorcher (level 9, -6/45 HPs)
             Began as a Deep Elf Fire Elementalist on Feb 19, 2022.
             Was the Champion of Vehumet.
             Mangled by a purple draconian (13 damage)
             ... in the Dungeon (Sprint V: "Ziggurat Sprint").
             The game lasted 00:07:22 (1027 turns).

mhtbhm the Scorcher (Deep Elf Fire Elementalist)    Turns: 1027, Time: 00:07:22

Health: -6/45      AC: 11    Str:  3    XL:     9   Next: 61%
Magic:  21/29      EV: 15    Int: 37    God:    Vehumet [******]
Gold:   0          SH:  5    Dex: 15    Spells: 23/36 levels left

rFire   + + .      SeeInvis .   C - +8 lance "Wyrmbane" {slay drac, rPois rF+ rC+ AC+3}
rCold   + + .      Faith    .   (no shield)
rNeg    . . .      Spirit   .   a - +2 robe {rC+}
rPois   +          Reflect  +   (no helmet)
rElec   .          Harm     +   D - +0 cloak
rCorr   .          Rampage  .   (no gloves)
Will    +....      NoTele   +   A - +2 pair of boots "Dorhidox" {Harm Regen+ Str-2 Slay+6}
Stlth   ++++......              v - amulet of reflection
HPRegen 0.95/turn               x - +6 ring of intelligence
MPRegen 0.21/turn               w - ring "Vyumuxt" {rF+ Will+ Int+6}

@: studying Armour
A: no striking features
a: Renounce Religion


You were in the Dungeon.
You worshipped Vehumet.
Vehumet was exalted by your worship.
You visited 1 branch

Inventory:

Hand Weapons
 C - the +8 lance "Wyrmbane" (weapon) {slay drac, rPois rF+ rC+ AC+3}
   (You found it in the Dungeon)

   It inflicts extra damage against dragons and draconians.
   AC:        It affects your AC (+3).
   rF:        It protects you from fire.
   rC:        It protects you from cold.
   rPois:     It protects you from poison.
Armour
 a - a +2 robe of cold resistance (worn)
 A - the +2 pair of boots "Dorhidox" (worn) {Harm Regen+ Str-2 Slay+6}
   (You found it in the Dungeon)

   Str:       It affects your strength (-2).
   Slay:      It affects your accuracy & damage with ranged weapons and melee
   (+6).
   Regen:     It increases your rate of health regeneration.
   Harm:      It increases damage dealt and taken.
 D - a +0 cloak (worn)
 G - a +1 robe of positive energy
Jewellery
 u - an amulet of magic regeneration
 v - an amulet of reflection (around neck)
 w - the ring "Vyumuxt" (right hand) {rF+ Will+ Int+6}
   (You found it in the Dungeon)

   [ring of intelligence]

   Int:       It affects your intelligence (+6).
   rF:        It protects you from fire.
   Will:      It increases your willpower.
 x - a +6 ring of intelligence (left hand)
 E - the ring "Onivve Malli" {rN+ MP+9}
   (You found it in the Dungeon)

   [ring of positive energy]

   rN:        It protects you from negative energy.
   MP:        It affects your magic capacity (+9).
Wands
 r - a wand of mindburst (5)
 s - a wand of iceblast (1)
 t - a wand of acid (6)
 y - a wand of flame (16)
Scrolls
 g - 4 scrolls of blinking
 m - 4 scrolls of amnesia
 n - 7 scrolls of fog
 o - a scroll of holy word
 p - 5 scrolls of identify
 q - a scroll of fear
 F - 2 scrolls of brand weapon
Potions
 b - 10 potions of curing
 c - 7 potions of heal wounds
 d - 6 potions of haste
 e - 7 potions of magic
 f - 3 potions of berserk rage
 h - 2 potions of brilliance
 i - 2 potions of invisibility
 j - 4 potions of resistance
 k - a potion of experience
 l - 5 potions of might
Miscellaneous
 z - a tin of tremorstones (1/2)
 B - a lightning rod (4/4)


   Skills:
 + Level 7.6 Dodging
 + Level 9.1 Stealth
 + Level 0.3 Shields
 + Level 14.2 Spellcasting
 + Level 6.4 Conjurations
 + Level 4.0 Hexes
 + Level 15.6 Fire Magic
 + Level 2.5 Air Magic
 + Level 2.1 Poison Magic
 + Level 7.7 Evocations


You had 23 spell levels left.
You knew the following spells:

 Your Spells              Type           Power      Damage    Failure   Level
a - Foxfire               Conj/Fire      100%       2x1d9     0%          1
b - Scorch                Fire           100%       2d10      0%          2
c - Inner Flame           Hex/Fire       78%        N/A       1%          3
d - Flame Wave            Conj/Fire      82%        2d14      1%          4
e - Mephitic Cloud        Conj/Pois/Air  52%        N/A       1%          3

Your spell library contained the following spells:

 Spells                   Type           Power      Damage    Failure   Level
 Olgreb's Toxic Radiance  Pois           42%        N/A       1%          4
 Conjure Flame            Conj/Fire      82%        6-21      1%          3
 Frozen Ramparts          Ice            52%        1d7       1%          3
 Airstrike                Air            22%        N/A       1%          4
 Hailstorm                Conj/Ice       50%        3d11      1%          4
 Lightning Bolt           Conj/Air       28%        1d44      1%          5
 Summon Lightning Spire   Summ/Air       35%        N/A       9%          4
 Ice Form                 Ice/Tmut       26%        N/A       14%         4
 Summon Ice Beast         Ice/Summ       26%        N/A       14%         4
 Eringya's Noxious Bog    Tmut/Pois      17%        N/A       32%         6
 Summon Forest            Summ/Tloc      13%        N/A       36%         5
 Simulacrum               Ice/Necr       13%        N/A       91%         6
 Ozocubu's Refrigeration  Ice            13%        4d7       94%         7
 Malign Gateway           Summ/Tloc      13%        N/A       100%        7
 Summon Hydra             Summ           13%        N/A       100%        7
 Summon Horrible Things   Summ           13%        N/A       100%        8


Dungeon Overview and Level Annotations

Branches:
Dungeon (1/1)

Altars:
Ashenzari
Cheibriados
Dithmenos
Elyvilon
Fedhas
Gozag
Hepliaklqana
Kikubaaqudgha
Makhleb
Nemelex Xobeh
Okawaru
Qazlal
Ru
Sif Muna
Trog
Uskayaw
Vehumet
Wu Jian
Xom
Yredelemnul
Zin
The Shining One
Beogh
Jiyva
Lugonu

Annotations:
D 1 transporter


Message History

Press: ? - help, Shift-Dir - straight line, f - purple draconian
Aim: a purple draconian, wielding a +0 battleaxe (moderately wounded, confused)
The mass of ice explodes!
The iceblast engulfs the purple draconian!!
The purple draconian is severely wounded.
The iceblast engulfs the red draconian!
The red draconian is severely wounded.
The iceblast engulfs the white draconian!
The white draconian partially resists.
The white draconian is severely wounded.
Your attack snaps the white draconian out of its fear.
The white draconian hums to itself desperately, trying to keep calm.
The red draconian hits you with a +0 dire flail.
Unknown command.
Unknown command.
The tremorstone explodes into fragments!
The burst of rock shards engulfs the purple draconian but does no damage.
The burst of rock shards engulfs the white draconian!
The burst of rock shards engulfs you!
* * * LOW HITPOINT WARNING * * *
The burst of rock shards engulfs the draconian.
Your attack snaps the draconian out of its fear.
The burst of rock shards engulfs the red draconian!
The burst of rock shards engulfs the draconian.
You kill the draconian!
Vehumet accepts your kill.
You feel your power returning.
The burst of rock shards engulfs the purple draconian!
The burst of rock shards engulfs you but does no damage.
The burst of rock shards engulfs the red draconian!
The burst of rock shards engulfs the purple draconian.
The burst of rock shards engulfs the white draconian but does no damage.
The burst of rock shards engulfs you.
* * * LOW HITPOINT WARNING * * *
The burst of rock shards engulfs the red draconian!!
You kill the red draconian!
Vehumet accepts your kill.
You feel your power returning.
The purple draconian hits you with a +0 battleaxe!
You die...

▓...)©)...▓...©...▓
▓▓▓▓▓▓▓▓▓▓▓▓▓▓▓▓▓▓▓
▓...8©8d..▓..8©8..▓
▓..[|"|:..▓....}..▓
▓...=!"..d▓..=.|..▓
▓.d.))....▓.......▓
▓.........▓...)...▓
▓...).d...▓.......▓
▓....@)...▓.......▓
▓.▓.....▓.▓.▓...▓.▓
▓....©....▓...©...▓
▓▓▓▓▓▓▓▓▓▓▓▓▓▓▓▓▓▓▓


You could see a purple draconian (confused), a white draconian (fleeing) and 2
draconians.

Vanquished Creatures
  A red draconian (D)
  3 draconians (D)
  An efreet (D)
  A large abomination (D)
  Sigmund (D)
  2 spriggans (D)
  2 yaks (D)
  Eustachio (D)
  2 fire elementals (D)
  Edmund (D)
  Duvessa (D)
  A hell hound (D)
  A black bear (D)
  2 wolves (D)
  Dowan (D)
  A quasit (D)
  Crazy Yiuf (D)
  2 orc priests (D)
  Jessica (D)
  An iguana (D)
  5 river rats (D)
  A shadow imp (D)
  2 ufetubi (D)
  A bat zombie (D)
  3 jackals (D)
  2 fire vortices (D)
41 creatures vanquished.

Vanquished Creatures (others)
  23 foxfires (D)
23 creatures vanquished.

Grand Total: 64 creatures vanquished

Notes
Turn   | Place    | Note
-------+----------+-------------------------------------------
     0 | D        | mhtbhm the Deep Elf Fire Elementalist began the quest for
                  | the Orb.
     0 | D        | Reached XP level 1. HP: 10/10 MP: 6/6
     0 | D        | Found a shimmering blue altar of Sif Muna.
     0 | D        | Found a bloodstained altar of Trog.
     0 | D        | Found a sacrificial altar of Ru.
     0 | D        | Found a stormy altar of Qazlal.
     0 | D        | Found an iron altar of Okawaru.
     1 | D        | Found a sparkling altar of Nemelex Xobeh.
     1 | D        | Found a blossoming altar of Fedhas.
     1 | D        | Found the +6 Majin-Bo {vamp, MP+6 Int+6}
     1 | D        | Found the +9 heavy crossbow "Sniper" {vorpal, Acc+∞ SInv}
     1 | D        | Found the +10 dark maul {vorpal}
     1 | D        | Found the +15 Maxwell's patent armour {-Cast -Tele rElec
                  | Will+ rCorr}
     1 | D        | Found the +18 shield of the Gong {rElec rN+ Will+ EV-5}
     1 | D        | Found the +14 obsidian axe {vorpal, Mesm Drain Fly SInv}
     1 | D        | Found the +7 great mace "Firestarter" {inner flame, rF++}
     1 | D        | Found the +6 shillelagh "Devastator" {shatter}
     1 | D        | Found the +11 plutonium sword {Contam Stlth-}
     1 | D        | Found the +8 lance "Wyrmbane" {slay drac, rPois rF+ rC+
                  | AC+3}
     1 | D        | Found the +9 sword of Zonguldrok {reap}
     1 | D        | Found the +13 scythe of Curses {drain, Drain}
     1 | D        | Found the +5 sword of Power {vorpal}
     1 | D        | Found the +7 mace of Variability {chain chaos}
     1 | D        | Found the +7 Singing Sword {vorpal, sonic wave}
     1 | D        | Found the +8 storm bow {elec, penet}
     3 | D        | Found a transporter.
     3 | D        | Found an ancient bone altar of Kikubaaqudgha.
     3 | D        | Found a viscous altar of Jiyva.
     3 | D        | Found a corrupted altar of Lugonu.
     3 | D        | Found a hazy altar of Hepliaklqana.
     3 | D        | Found a burning altar of Makhleb.
     3 | D        | Found an opulent altar of Gozag.
    33 | D        | Became a worshipper of Vehumet
    59 | D        | Entered arena 2.
    59 | D        | Noticed an orc priest
    59 | D        | Noticed an orc priest
    59 | D        | Found a transporter.
    60 | D        | Killed an orc priest
    61 | D        | Reached skill level 6 in Fire Magic
    61 | D        | Reached XP level 2. HP: 15/15 MP: 6/9
    61 | D        | Reached XP level 3. HP: 19/19 MP: 7/11
    63 | D        | Reached skill level 5 in Spellcasting
   246 | D        | Learned a level 2 spell: Scorch
   250 | D        | Learned a level 3 spell: Inner Flame
   251 | D        | Entered arena 3.
   251 | D        | Noticed a yak
   251 | D        | Noticed a yak
   251 | D        | Found a transporter.
   254 | D        | Killed a yak
   254 | D        | Reached * piety under Vehumet
   254 | D        | Offered knowledge of Freeze by Vehumet.
   255 | D        | Reached skill level 5 in Dodging
   255 | D        | Reached skill level 5 in Stealth
   255 | D        | Reached skill level 9 in Fire Magic
   255 | D        | Reached skill level 1 in Evocations
   255 | D        | Reached XP level 4. HP: 24/24 MP: 9/15
   255 | D        | Reached XP level 5. HP: 28/28 MP: 9/16
   256 | D        | Killed a yak
   257 | D        | Reached skill level 1 in Hexes
   257 | D        | Reached skill level 11 in Fire Magic
   257 | D        | Reached XP level 6. HP: 23/32 MP: 10/19
   351 | D        | Learned a level 4 spell: Flame Wave
   352 | D        | Entered arena 4.
   352 | D        | Noticed a spriggan
   352 | D        | Noticed a spriggan
   352 | D        | Found a transporter.
   355 | D        | Reached ** piety under Vehumet
   355 | D        | Killed a spriggan
   356 | D        | Reached skill level 12 in Fire Magic
   356 | D        | Reached XP level 7. HP: 22/36 MP: 14/21
   358 | D        | Killed a spriggan
   359 | D        | Reached skill level 10 in Spellcasting
   359 | D        | Reached skill level 13 in Fire Magic
   535 | D        | Got Nerhid's Compendium of Frigorific Intoxication
   540 | D        | Learned a level 3 spell: Mephitic Cloud
   565 | D        | Entered arena 5.
   565 | D        | Found a transporter.
   570 | D        | Offered knowledge of Static Discharge by Vehumet.
   570 | D        | Reached *** piety under Vehumet
   635 | D        | Entered arena 6.
   635 | D        | Found a transporter.
   638 | D        | Reached **** piety under Vehumet
   653 | D        | Got the +2 pair of boots "Dorhidox" {Harm Regen+ Str-2
                  | Slay+6}
   682 | D        | Entered arena 7.
   682 | D        | Noticed a large abomination
   683 | D        | Reached ***** piety under Vehumet
   686 | D        | Reached XP level 8. HP: 41/41 MP: 22/24
   687 | D        | Killed a large abomination
   688 | D        | Reached skill level 14 in Fire Magic
   798 | D        | Found a transporter.
   820 | D        | Entered arena 8.
   820 | D        | Noticed an efreet
   822 | D        | Offered knowledge of Poisonous Vapours by Vehumet.
   823 | D        | Reached skill level 5 in Evocations
   823 | D        | Killed an efreet
   824 | D        | Reached skill level 1 in Air Magic
   824 | D        | Reached ****** piety under Vehumet
   825 | D        | Reached skill level 1 in Poison Magic
   831 | D        | Found a transporter.
   843 | D        | Got the ring "Vyumuxt" {rF+ Will+ Int+6}
   850 | D        | Entered arena 9.
   850 | D        | Noticed Sigmund
   850 | D        | Noticed Jessica
   850 | D        | Noticed Crazy Yiuf
   850 | D        | Noticed Dowan
   850 | D        | Noticed Duvessa
   850 | D        | Noticed Edmund
   850 | D        | Noticed Eustachio
   856 | D        | Killed Jessica
   859 | D        | Killed Edmund
   859 | D        | Killed Duvessa
   859 | D        | Killed Crazy Yiuf
   860 | D        | Reached skill level 5 in Conjurations
   860 | D        | Reached skill level 15 in Fire Magic
   860 | D        | Reached XP level 9. HP: 43/45 MP: 9/27
   861 | D        | Killed Eustachio
   862 | D        | Killed Dowan
   863 | D        | Killed Sigmund
   873 | D        | Found a transporter.
   969 | D        | Got the ring "Onivve Malli" {rN+ MP+9}
  1011 | D        | Entered arena 10.
  1011 | D        | Found the dreamshard necklace {*Dream Drain}
  1011 | D        | Noticed a draconian
  1011 | D        | Noticed a draconian
  1011 | D        | Noticed a white draconian
  1011 | D        | Noticed a draconian
  1011 | D        | Noticed a purple draconian
  1011 | D        | Noticed a red draconian
  1011 | D        | Noticed a draconian
  1011 | D        | Noticed a draconian
  1015 | D        | Found a transporter.
  1018 | D        | Killed a draconian
  1018 | D        | Offered knowledge of Olgreb's Toxic Radiance by Vehumet.
  1020 | D        | Killed a draconian
  1027 | D        | Killed a draconian
  1027 | D        | Killed a red draconian
  1027 | D        | Mangled by a purple draconian

Illustrated notes

Levels and vault maps discovered:
D:        sprint_v [room_start, room_1, room_2, room_3, room_4, room_5, room_6,
          room_7, room_8, room_9, room_10, room_11, room_12, room_13, room_14,
          room_15, room_16, room_17, room_18, room_19, room_20, room_21,
          room_22, room_23, room_24, room_25, room_26, room_27]

Skill      XL: |  1  2  3  4  5  6  7  8  9 |
---------------+----------------------------+-----
Dodging        | 3 5 6 7 |  7.6
Stealth        | 3 5 6 7 8 9 |  9.1
Spellcasting   | 4 7 8 9 10 12 14 | 14.2
Fire Magic     | 6 9 11 12 13 15 | 15.6
Evocations     | 1 2 3 4 6 7 |  7.7
Hexes          | 1 3 4 |  4.0
Conjurations   | 2 3 5 6 |  6.4
Air Magic      | 1 2 |  2.5
Poison Magic   | 1 2 |  2.1
Shields        | |  0.3

Action                   |  1- 3 |  4- 6 |  7- 9 || total
-------------------------+-------+-------+-------++-------
 Cast: Inner Flame       |     1 |       |     1 ||     2
       Flame Wave        |       |     1 |     7 ||     8
       Foxfire           |       |       |    12 ||    12
       Mephitic Cloud    |       |       |     8 ||     8
Evoke: Wand              |     4 |       |     5 ||     9
       Lightning rod     |     1 |     3 |     1 ||     5
       Tin of tremorston |       |       |     6 ||     6
  Use: Potion            |       |       |     3 ||     3
       Scroll            |       |       |     1 ||     1
Armor: Robe              |       |     1 |     7 ||     8
Dodge: Dodged            |       |     3 |     2 ||     5
Block: Other             |       |       |     4 ||     4

Table legend: (Time is in decaauts)
 A = Elapsed time spent in this place.
 B = Non-inter-level travel time spent in this place.
 C = Inter-level travel time spent in this place.
 D = Time resting spent in this place.
 E = Time spent auto-exploring this place.
 F = Levels seen in this place.
 G = Mean time per level.
                   A        B        C        D        E       F      G
               +--------+--------+--------+--------+--------+-----+--------+
         Total |   1024 |   1024 |      0 |    666 |      0 |   1 | 1024.0 |
       Dungeon |   1024 |   1024 |      0 |    666 |      0 |   1 | 1024.0 |
               +--------+--------+--------+--------+--------+-----+--------+

Top non-repeatable levels by time:
       D: 1024 daAuts
